 Dungeon Crawl Stone Soup version 0.24-a0-246-gb963c9a (webtiles) character file.

Game seed: 2338866895282368039

443 Hylith the Skirmisher (level 7, -1/61 HPs)
             Began as a Hill Orc Fighter on Apr 12, 2019.
             Slain by Enish's ghost (3 damage)
             ... on level 4 of the Dungeon.
             The game lasted 00:07:07 (2974 turns).

Hylith the Skirmisher (Hill Orc Fighter)            Turns: 2974, Time: 00:07:09

Health: -1/61      AC: 11    Str: 21    XL:     7   Next: 2%
Magic:  7/7        EV:  5    Int:  8    God:
Gold:   325        SH: 10    Dex: 10    Spells: 6/6 levels left

rFire    . . .     SeeInvis .   a - +0 war axe
rCold    . . .     Gourm    .   c - +0 shield
rNeg     . . .     Faith    .   s - +0 chain mail (curse)
rPois    .         Spirit   .   (no helmet)
rElec    .         Reflect  .   (no cloak)
rCorr    .         Harm     .   m - +0 pair of gloves
MR       .....                  (no boots)
Stlth    ..........             (no amulet)
HPRegen  0.20/turn              (no ring)
MPRegen  0.10/turn              (no ring)

@: no status effects
A: no striking features
a: no special abilities


You were on level 4 of the Dungeon.
You were hungry.

You visited 1 branch of the dungeon, and saw 4 of its levels.

You collected 325 gold pieces.

Inventory:

Hand Weapons
 a - a +0 war axe (weapon)
Armour
 c - a +0 shield (worn)
 m - a +0 pair of gloves (worn)
 s - a cursed +0 chain mail (worn)
Wands
 u - a wand of scattershot (8)
Scrolls
 e - 2 scrolls of remove curse {unknown}
 i - 5 scrolls of identify {unknown}
 k - 3 scrolls of amnesia {unknown}
 l - 4 scrolls of teleportation {unknown}
 n - a scroll of blinking {unknown}
 p - 2 scrolls of random uselessness {unknown}
 r - 3 scrolls of enchant armour {unknown}
 v - 2 scrolls of noise {unknown}
Potions
 b - a potion of lignification {unknown}
 d - a potion of might
 g - a potion of berserk rage {unknown}
 h - a potion of cancellation {unknown}
 j - a potion of flight {unknown}
 o - 2 potions of brilliance
 q - a potion of degeneration {unknown}
Comestibles
 f - 10 rations
 t - 6 chunks of flesh


   Skills:
 + Level 5.4 Fighting
 + Level 5.3 Axes
 + Level 5.1 Armour
 + Level 5.0 Shields


You had 6 spell levels left.
You didn't know any spells.
Your spell library was empty.

Dungeon Overview and Level Annotations

Branches:
Dungeon (4/15)
 Temple: D:4-7

Altars:
Nemelex Xobeh
Xom
The Shining One

Annotations:
D:4 Enish's ghost, amateur TeSu


Message History

The bat hits you but does no damage.
Enish's ghost gestures wildly while chanting.
The bat hits you but does no damage. You block Enish's ghost's attack.
You closely miss Enish's ghost.
Enish's ghost is severely damaged.
Your shield and chain mail prevent you from hitting the bat.
You slash the quokka!
You kill the quokka!
The quokka's corpse disappears in a puff of smoke!
The quokka disappears in a puff of smoke!
The bat disappears in a puff of smoke!
Enish's ghost mumbles some strange words.
You hit Enish's ghost but do no damage.
Enish's ghost is severely damaged.
You closely miss the quokka. You closely miss the bat.
The quokka disappears in a puff of smoke!
The river rat disappears in a puff of smoke!
You block the bat's attack. The bat hits you but does no damage.
Enish's ghost hits you.
You die...

# ##############
.............#
#...#...#...######
.................##
#...#...#...#.##..#
............÷.##b.##
#############.##§#######
#...########..##@Wbr≈≈)≈
#............###.#######
#..########### #b.##
#..## #### ....# ....#
##### #...# ##...##
#...# #.....#### #..##
#..#......


You could see Enish's ghost, 3 bats and a rat.

Vanquished Creatures
  An ogre (D:4)
  A bullfrog (D:3)
  A howler monkey (D:4)
  A hound (D:4)
  A jelly (D:2)
  An iguana (D:4)
  6 adders
  An adder skeleton (D:4)
  5 worms
  6 dart slugs
  3 leopard geckos
  An orc (D:3)
  7 giant cockroaches
  4 goblins
  16 hobgoblins
  3 jackals (D:2)
  A quokka (D:2)
  2 ball pythons (D:3)
  10 bats
  10 frilled lizards
  7 kobolds
  4 rats
92 creatures vanquished.

Notes
Turn   | Place    | Note
-------+----------+-------------------------------------------
     0 | D:1      | Hylith the Hill Orc Fighter began the quest for the Orb.
     0 | D:1      | Reached XP level 1. HP: 19/19 MP: 1/1
   120 | D:1      | Reached XP level 2. HP: 25/27 MP: 2/2
   390 | D:1      | Reached XP level 3. HP: 23/33 MP: 3/3
  1006 | D:2      | Reached XP level 4. HP: 35/40 MP: 4/4
  1562 | D:2      | Reached XP level 5. HP: 47/47 MP: 5/5
  1700 | D:3      | Found a sparkling altar of Nemelex Xobeh.
  2182 | D:3      | Found a faded altar of an unknown god.
  2231 | D:3      | Reached XP level 6. HP: 33/55 MP: 6/6
  2401 | D:4      | Reached skill level 5 in Fighting
  2431 | D:4      | Found a glowing golden altar of the Shining One.
  2778 | D:4      | Reached skill level 5 in Axes
  2784 | D:4      | Found a runed translucent door.
  2800 | D:4      | Found a shimmering altar of Xom.
  2877 | D:4      | Reached skill level 5 in Armour
  2877 | D:4      | Reached skill level 5 in Shields
  2877 | D:4      | Reached XP level 7. HP: 34/61 MP: 7/7
  2922 | D:4      | Noticed Enish's ghost (amateur TeSu)
  2969 | D:4      | HP: 1/61 [river rat[Enish's ghost] (5)]
  2974 | D:4      | Slain by Enish's ghost

Levels and vault maps discovered:
D:1:      psy_arrival_whirlpool, layout_loops_cross
D:2:      layout_loops_ring, chequers_serial_rivers_room_a
D:3:      layout_loops_cross, overflow_temple_1_default,
          chequers_ecumenical_altar_island, kennysheep_generic_room_7
D:4:      minmay_octagon_keep, layout_gridville, lemuel_doored_altar,
          lemuel_coloured_pillars_altar, ebering_ghost_sewer_d, minmay_vboxes

Skill      XL: |  1  2  3  4  5  6 |
---------------+-------------------+-----
Axes           | 3 4 5 |  5.3
Fighting       | 4 5 |  5.4
Armour         | 4 5 |  5.1
Shields        | 4 5 |  5.0

Action                   |  1- 3 |  4- 6 |  7- 9 || total
-------------------------+-------+-------+-------++-------
Melee: War axe           |   134 |   223 |    50 ||   407
  Use: Potion            |     2 |       |       ||     2
  Eat: Chunk             |     1 |     6 |       ||     7
Armor: Scale mail        |    58 |    18 |       ||    76
       Chain mail        |       |   112 |    44 ||   156
Dodge: Dodged            |    39 |    57 |    12 ||   108
Block: Shield            |    68 |   118 |    40 ||   226

Table legend:
 A = Non-vault XP
 B = Vault XP
 C = Vault XP percentage of total XP
 D = Non-vault monster count
 E = Vault monster count
 F = Vault count percentage of total count
                 A         B        C        D         E       F
            +---------+---------+-------+---------+---------+-------
      Total |     378 |     255 |  40.3 |      80 |      12 |  13.0
            +---------+---------+-------+---------+---------+-------
        D:1 |      43 |       0 |   0.0 |      23 |       0 |   0.0
        D:2 |     122 |       0 |   0.0 |      33 |       0 |   0.0
        D:3 |     153 |       6 |   3.8 |      20 |       4 |  16.7
        D:4 |      60 |     249 |  80.6 |       4 |       8 |  66.7
            +---------+---------+-------+---------+---------+-------
